[ AOE2 MATCH · #495830121 ]
UnrankedPersians vs Berbers
Player's team · WIN
Rival team · LOSS
[ REPLAY ANALYSIS · EXTRACTED FROM THE RECORDED GAME ]
Feudal
8:49
Castle
19:45
Imperial
42:15
| APM avg | 86.2 |
| APM peak | 135 |
| eAPM avg | 50.1 |
| Villagers / military | 227 / 296 |
Focus
⚔️ 52.9% · 🌾 47.1%
Camel Scout ×226 · Skirmisher ×29 · Knight ×20 · Trebuchet (Packed) ×11 · War Elephant ×10
Feudal
9:19
Castle
21:35
Imperial
43:05
| APM avg | 88.9 |
| APM peak | 136 |
| eAPM avg | 48.5 |
| Villagers / military | 222 / 264 |
Focus
⚔️ 59.1% · 🌾 40.9%
Camel Scout ×113 · Knight ×107 · Monk ×17 · Archer ×14 · Scout Cavalry ×9 · Mangonel ×2
Match map
Initial resources + every placement click. Lines = walls · curves = elevation contours. ◆ gold · ⬟ stone · ● berries · ✦ relic · ◌ wall gap
Your base· ✓ Closed at 19:45 · 47t walls · 2 gate(s)
HK | El Chairo's base· ✓ Closed at 21:35 · 31t walls · 1 gate(s)
Smoothed initial terrain · ◌ = detected wall gap · hover for details
Inputs per minute
— CL | Inkisidor_ - - HK | El Chairo
Build order — CL | Inkisidor_
First 150 of 865 actions detected
| 0:00 | Queue | Villager (Male) |
| 0:00 | Queue | Villager (Male) |
| 0:01 | Queue | Villager (Male) |
| 0:01 | Build | House |
| 0:02 | Build | House |
| 0:08 | Queue | Villager (Male) |
| 0:19 | Queue | Villager (Male) |
| 1:20 | Queue | Villager (Male) |
| 1:21 | Queue | Villager (Male) |
| 1:21 | Queue | Villager (Male) |
| 1:40 | Build | Lumber Camp |
| 1:59 | Queue | Villager (Male) |
| 2:17 | Queue | Villager (Male) |
| 2:50 | Queue | Villager (Male) |
| 3:10 | Queue | Villager (Male) |
| 3:39 | Build | House |
| 3:40 | Build | House |
| 3:55 | Queue | Villager (Male) |
| 4:07 | Queue | Villager (Male) |
| 4:10 | Queue | Villager (Male) |
| 4:18 | Queue | Villager (Male) |
| 4:45 | Build | Mill |
| 5:05 | Queue | Villager (Male) |
| 5:08 | Queue | Villager (Male) |
| 5:10 | Queue | Villager (Male) |
| 6:06 | Research | Loom |
| 6:28 | Build | Lumber Camp |
| 6:39 | Research | Feudal Age |
| 7:42 | Build | Palisade Gate |
| 8:02 | Build | Barracks |
| 8:06 | Build | House |
| 8:07 | Build | Palisade Wall |
| 8:16 | Build | Palisade Wall |
| 8:18 | Build | Palisade Wall |
| 8:31 | Queue | Villager (Male) |
| 8:49 | Age | Feudal Age |
| 8:51 | Queue | Villager (Male) |
| 8:58 | Build | Palisade Wall |
| 9:08 | Queue | Villager (Male) |
| 9:19 | Build | Stable |
| 9:31 | Build | Palisade Wall |
| 9:32 | Build | Palisade Wall |
| 9:33 | Queue | Villager (Male) |
| 9:42 | Research | Double-Bit Axe |
| 9:42 | Research | Double-Bit Axe |
| 9:42 | Research | Double-Bit Axe |
| 9:42 | Research | Double-Bit Axe |
| 9:42 | Research | Double-Bit Axe |
| 10:03 | Build | Palisade Wall |
| 10:07 | Queue | Villager (Male) |
| 10:16 | Research | Horse Collar |
| 10:16 | Research | Horse Collar |
| 10:16 | Research | Horse Collar |
| 10:32 | Queue | Villager (Male) |
| 10:36 | Queue | Villager (Male) |
| 10:42 | Build | Palisade Wall |
| 10:49 | Build | Archery Range |
| 10:51 | Queue | Villager (Male) |
| 10:59 | Build | Palisade Wall |
| 11:02 | Build | Palisade Wall |
| 11:10 | Queue | Villager (Male) |
| 11:24 | Build | Farm |
| 11:27 | Build | Farm |
| 11:37 | Build | Farm |
| 11:50 | Queue | Villager (Male) |
| 12:02 | Build | Farm |
| 12:03 | Queue | Villager (Male) |
| 12:04 | Build | Farm |
| 12:14 | Queue | Villager (Male) |
| 12:18 | Queue | Skirmisher |
| 12:18 | Queue | Skirmisher |
| 12:21 | Queue | Villager (Male) |
| 12:28 | Build | Farm |
| 12:36 | Build | Farm |
| 12:41 | Build | House |
| 12:45 | Build | House |
| 12:46 | Build | House |
| 12:57 | Queue | Skirmisher |
| 12:58 | Queue | Skirmisher |
| 13:05 | Build | Farm |
| 13:13 | Queue | Villager (Male) |
| 13:23 | Build | Mining Camp |
| 13:30 | Queue | Skirmisher |
| 13:30 | Queue | Skirmisher |
| 13:38 | Build | House |
| 13:39 | Queue | Villager (Male) |
| 13:46 | Build | Farm |
| 13:59 | Queue | Villager (Male) |
| 14:10 | Research | Town Watch |
| 14:21 | Build | Blacksmith |
| 14:23 | Queue | Villager (Male) |
| 14:25 | Build | Farm |
| 14:36 | Queue | Skirmisher |
| 14:43 | Build | House |
| 14:46 | Build | House |
| 14:54 | Build | Farm |
| 14:56 | Queue | Villager (Male) |
| 15:09 | Build | Farm |
| 15:13 | Queue | Villager (Male) |
| 15:17 | Build | Farm |
| 15:27 | Build | Farm |
| 15:40 | Queue | Villager (Male) |
| 15:46 | Build | Farm |
| 16:00 | Queue | Villager (Male) |
| 16:02 | Research | Fletching |
| 16:08 | Build | Farm |
| 16:12 | Queue | Skirmisher |
| 16:12 | Queue | Skirmisher |
| 16:19 | Queue | Villager (Male) |
| 16:23 | Build | Farm |
| 16:46 | Queue | Villager (Male) |
| 17:06 | Build | Farm |
| 17:19 | Research | Castle Age |
| 17:19 | Research | Castle Age |
| 17:19 | Research | Castle Age |
| 17:21 | Queue | Skirmisher |
| 17:21 | Queue | Skirmisher |
| 17:25 | Queue | Skirmisher |
| 17:25 | Queue | Skirmisher |
| 17:25 | Queue | Skirmisher |
| 17:29 | Queue | Skirmisher |
| 17:30 | Queue | Skirmisher |
| 17:36 | Queue | Skirmisher |
| 17:51 | Build | Stable |
| 17:57 | Research | Scale Barding Armor |
| 17:57 | Research | Scale Barding Armor |
| 18:01 | Queue | Skirmisher |
| 18:26 | Queue | Skirmisher |
| 18:32 | Research | Padded Archer Armor |
| 18:41 | Build | Stable |
| 18:50 | Research | Bloodlines |
| 18:50 | Research | Bloodlines |
| 18:52 | Queue | Skirmisher |
| 19:03 | Build | Farm |
| 19:24 | Research | Gold Mining |
| 19:24 | Research | Gold Mining |
| 19:26 | Queue | Skirmisher |
| 19:29 | Queue | Skirmisher |
| 19:35 | Build | Palisade Gate |
| 19:45 | Age | Castle Age |
| 19:46 | Queue | Villager (Male) |
| 19:47 | Queue | Knight |
| 19:49 | Queue | Knight |
| 19:59 | Queue | Villager (Male) |
| 20:04 | Build | Town Center |
| 20:20 | Queue | Knight |
| 20:20 | Queue | Knight |
| 20:24 | Queue | Villager (Male) |
| 20:26 | Queue | Knight |
| 20:26 | Queue | Knight |
Build order — HK | El Chairo
First 150 of 558 actions detected
| 0:00 | Queue | Villager (Male) |
| 0:00 | Queue | Villager (Male) |
| 0:02 | Build | House |
| 0:03 | Build | House |
| 0:08 | Queue | Villager (Male) |
| 0:09 | Queue | Villager (Male) |
| 1:22 | Queue | Villager (Male) |
| 1:54 | Build | Lumber Camp |
| 2:02 | Queue | Villager (Male) |
| 2:02 | Queue | Villager (Male) |
| 2:15 | Queue | Villager (Male) |
| 2:15 | Queue | Villager (Male) |
| 2:44 | Queue | Villager (Male) |
| 3:02 | Queue | Villager (Male) |
| 3:25 | Build | House |
| 3:26 | Build | Palisade Gate |
| 3:30 | Queue | Villager (Male) |
| 3:31 | Queue | Villager (Male) |
| 3:53 | Queue | Villager (Male) |
| 3:53 | Queue | Villager (Male) |
| 4:04 | Queue | Villager (Male) |
| 4:17 | Queue | Villager (Male) |
| 4:17 | Queue | Villager (Male) |
| 4:47 | Queue | Villager (Male) |
| 5:34 | Build | Barracks |
| 5:42 | Queue | Villager (Male) |
| 5:43 | Queue | Villager (Male) |
| 6:23 | Research | Loom |
| 6:39 | Build | Mining Camp |
| 7:09 | Research | Feudal Age |
| 7:10 | Research | Feudal Age |
| 7:32 | Build | Mill |
| 7:42 | Build | Palisade Wall |
| 8:47 | Queue | Villager (Male) |
| 9:00 | Build | Palisade Wall |
| 9:01 | Build | Palisade Wall |
| 9:08 | Build | House |
| 9:19 | Age | Feudal Age |
| 9:26 | Build | Archery Range |
| 9:31 | Queue | Villager (Male) |
| 9:38 | Build | Archery Range |
| 9:42 | Queue | Villager (Male) |
| 9:54 | Queue | Spearman |
| 10:01 | Build | Palisade Wall |
| 10:04 | Build | Palisade Wall |
| 10:05 | Build | Palisade Wall |
| 10:23 | Queue | Archer |
| 10:23 | Queue | Archer |
| 10:23 | Queue | Archer |
| 10:26 | Queue | Villager (Male) |
| 10:36 | Queue | Archer |
| 10:36 | Queue | Archer |
| 10:45 | Build | House |
| 10:56 | Queue | Villager (Male) |
| 11:09 | Build | House |
| 11:11 | Queue | Archer |
| 11:14 | Build | Palisade Wall |
| 11:21 | Queue | Villager (Male) |
| 11:28 | Build | Palisade Wall |
| 11:30 | Build | Palisade Wall |
| 11:31 | Build | Palisade Wall |
| 11:34 | Queue | Archer |
| 11:35 | Queue | Villager (Male) |
| 12:03 | Queue | Villager (Male) |
| 12:14 | Build | Farm |
| 12:15 | Build | Farm |
| 12:16 | Queue | Archer |
| 12:17 | Queue | Archer |
| 12:26 | Queue | Villager (Male) |
| 12:32 | Build | House |
| 12:43 | Queue | Archer |
| 12:43 | Queue | Archer |
| 12:54 | Queue | Villager (Male) |
| 12:58 | Build | Farm |
| 13:15 | Build | House |
| 13:21 | Queue | Villager (Male) |
| 13:23 | Build | Farm |
| 13:29 | Queue | Villager (Male) |
| 13:36 | Queue | Archer |
| 13:44 | Queue | Archer |
| 13:45 | Queue | Archer |
| 13:49 | Build | House |
| 14:07 | Queue | Villager (Male) |
| 14:20 | Build | Palisade Wall |
| 14:23 | Queue | Villager (Male) |
| 14:34 | Build | Blacksmith |
| 14:38 | Queue | Villager (Male) |
| 15:02 | Queue | Villager (Male) |
| 15:10 | Research | Fletching |
| 15:10 | Research | Fletching |
| 15:12 | Build | Farm |
| 15:13 | Build | Farm |
| 15:17 | Queue | Villager (Male) |
| 15:19 | Build | Farm |
| 15:31 | Build | Farm |
| 15:36 | Research | Double-Bit Axe |
| 15:36 | Research | Double-Bit Axe |
| 15:36 | Research | Double-Bit Axe |
| 15:36 | Research | Double-Bit Axe |
| 16:10 | Queue | Villager (Male) |
| 16:11 | Build | Farm |
| 16:12 | Build | Farm |
| 16:19 | Queue | Villager (Male) |
| 16:23 | Build | Lumber Camp |
| 16:40 | Build | Lumber Camp |
| 16:49 | Queue | Villager (Male) |
| 16:50 | Build | Farm |
| 17:10 | Build | Farm |
| 17:22 | Queue | Villager (Male) |
| 17:27 | Build | House |
| 17:37 | Build | Market |
| 17:44 | Build | Farm |
| 17:44 | Queue | Villager (Male) |
| 18:03 | Queue | Villager (Male) |
| 18:06 | Build | Farm |
| 18:08 | Build | Farm |
| 18:55 | Research | Castle Age |
| 18:55 | Research | Castle Age |
| 19:03 | Build | Farm |
| 19:04 | Build | Farm |
| 19:10 | Build | House |
| 19:23 | Build | Farm |
| 19:24 | Build | Farm |
| 19:28 | Queue | Villager (Male) |
| 19:35 | Build | House |
| 19:39 | Research | Gold Mining |
| 19:39 | Research | Gold Mining |
| 19:46 | Research | Horse Collar |
| 19:46 | Research | Horse Collar |
| 19:50 | Queue | Villager (Male) |
| 21:12 | Build | Stable |
| 21:13 | Build | Stable |
| 21:35 | Age | Castle Age |
| 21:38 | Research | Bodkin Arrow |
| 21:47 | Research | Scale Barding Armor |
| 21:49 | Queue | Villager (Male) |
| 21:50 | Build | Farm |
| 21:53 | Build | Farm |
| 21:55 | Research | Bow Saw |
| 21:56 | Research | Bow Saw |
| 22:23 | Research | Bloodlines |
| 22:23 | Queue | Camel Scout |
| 22:23 | Queue | Camel Scout |
| 22:24 | Queue | Villager (Male) |
| 22:27 | Build | Farm |
| 22:27 | Queue | Villager (Male) |
| 22:38 | Build | Farm |
| 22:55 | Research | Husbandry |
| 22:56 | Research | Husbandry |
| 23:06 | Queue | Villager (Male) |
Match timeline
| 5:34 | HK | El Chairo · first_building Barracks |
| 7:42 | HK | El Chairo · wall_segment Palisade Wall x1 |
| 8:02 | CL | Inkisidor_ · first_building Barracks |
| 8:07 | CL | Inkisidor_ · wall_segment Palisade Wall x1 |
| 8:16 | CL | Inkisidor_ · wall_segment Palisade Wall x7 |
| 8:18 | CL | Inkisidor_ · wall_segment Palisade Wall x7 |
| 8:49 | CL | Inkisidor_ · age_up feudal |
| 8:58 | CL | Inkisidor_ · wall_segment Palisade Wall x1 |
| 9:00 | HK | El Chairo · wall_segment Palisade Wall x4 |
| 9:01 | HK | El Chairo · wall_segment Palisade Wall x5 |
| 9:19 | CL | Inkisidor_ · first_building Stable |
| 9:19 | HK | El Chairo · age_up feudal |
| 9:26 | HK | El Chairo · first_building Archery Range |
| 9:31 | CL | Inkisidor_ · wall_segment Palisade Wall x4 |
| 9:32 | CL | Inkisidor_ · wall_segment Palisade Wall x4 |
| 10:01 | HK | El Chairo · wall_segment Palisade Wall x1 |
| 10:03 | CL | Inkisidor_ · wall_segment Palisade Wall x7 |
| 10:04 | HK | El Chairo · wall_segment Palisade Wall x1 |
| 10:05 | HK | El Chairo · wall_segment Palisade Wall x1 |
| 10:42 | CL | Inkisidor_ · wall_segment Palisade Wall x8 |
| 10:49 | CL | Inkisidor_ · first_building Archery Range |
| 10:59 | CL | Inkisidor_ · wall_segment Palisade Wall x5 |
| 11:02 | CL | Inkisidor_ · wall_segment Palisade Wall x4 |
| 11:14 | HK | El Chairo · wall_segment Palisade Wall x9 |
| 11:28 | HK | El Chairo · wall_segment Palisade Wall x7 |
| 11:30 | HK | El Chairo · wall_segment Palisade Wall x1 |
| 11:31 | HK | El Chairo · wall_segment Palisade Wall x1 |
| 14:20 | HK | El Chairo · wall_segment Palisade Wall x1 |
| 18:32 | HK | El Chairo · first_market_sell 500 wood |
| 18:33 | HK | El Chairo · first_market_buy 100 food |
| 19:45 | CL | Inkisidor_ · age_up castle |
| 21:12 | HK | El Chairo · first_building Stable |
| 21:35 | HK | El Chairo · age_up castle |
| 23:19 | HK | El Chairo · first_building Monastery |
| 24:32 | HK | El Chairo · first_building Siege Workshop |
| 27:29 | CL | Inkisidor_ · wall_segment Palisade Wall x1 |
| 31:01 | CL | Inkisidor_ · first_building Monastery |
| 34:53 | CL | Inkisidor_ · first_building Castle |
| 35:03 | CL | Inkisidor_ · wall_segment Stone Wall x1 |
| 36:54 | CL | Inkisidor_ · first_market_sell 100 food |
| 38:23 | CL | Inkisidor_ · first_market_buy 100 stone |
| 39:03 | CL | Inkisidor_ · wall_segment Stone Wall x1 |
| 41:52 | HK | El Chairo · first_building Castle |
| 42:15 | CL | Inkisidor_ · age_up imperial |
| 43:05 | HK | El Chairo · age_up imperial |
| 44:10 | CL | Inkisidor_ · wall_segment Stone Wall x1 |
| 50:54 | HK | El Chairo · resign |
[ AI ANALYSIS · 1 CREDIT ]
What really happened in this match?
Wolo.gg analyzes every decision: build order, eco, micro, common mistakes by bracket. Personalized analysis on WhatsApp or Discord in 30 seconds.
Civ guide
Persians
Perfil
CL | Inkisidor_